Map: Triton LE

Players

susanoo - Winner!

  • Race: Zerg Zerg
  • Spawn Location: 11:00

A.I. 1 (Very Easy)

  • Race: Terran Terran
  • Spawn Location: 5:00

VOD

Have the link to the VOD?

Description

Time

  • Played on: Dec. 23, 2019, 11:33 a.m.
  • Length: 6:32
Show
View Real Time Build Order
Export as new Build Order

susanoo Zerg - Winner!

Build Orders: Pool First 

Get SALT Encoding   

  12  0:00  Drone  
  13  0:12  Overlord  
  13  0:17  Drone  
  14  0:31  Drone x2  
  14  0:34  Drone  
  17  0:45  Spawning Pool  
  17  0:49  Drone  
  17  0:56  Drone  
  18  1:14  Hatchery  
  18  1:16  Extractor  
  18  1:18  Drone  
  17  1:32  Zergling x4  
  19  1:39  Zergling x2  
  20  1:44  Queen  
  22  1:54  Overlord  
  22  2:13  Drone x2  
  22  2:15  Metabolic Boost  
  24  2:20  Queen  
  26  2:25  Drone  
  26  2:27  Queen  
  29  2:31  Drone  
  30  2:44  Drone  
  30  2:45  Overlord, Drone  
  30  2:51  Drone  
  33  2:56  Drone  
  34  2:58  Lair  
  34  3:01  Drone  
  35  3:09  Extractor  
  35  3:10  Drone x2  
  36  3:13  Drone  
  37  3:23  Drone  
  37  3:24  Drone x2  
  40  3:38  Drone  
  40  3:39  Roach Warren, Drone  
  40  3:41  Evolution Chamber x2  
  40  3:46  Drone  
  40  3:47  Overlord  
  38  3:56  Spire  
  38  3:59  Drone  
  38  4:02  Drone  
  38  4:03  Drone  
  38  4:07  Drone x2  
  41  4:12  Drone x2  
  41  4:14  Extractor  
  41  4:16  Extractor  
  41  4:18  Drone  
  41  4:22  Drone x2  
  44  4:28  Drone  
  44  4:29  Drone x3  
  48  4:36  Drone  
  49  4:43  Drone  
  49  4:44  Overlord x2  
  50  4:47  Overlord  
  50  4:48  Overlord  
  50  5:07  Mutalisk x2  
  50  5:08  Mutalisk x3  
  50  5:10  Mutalisk  
  62  5:19  Mutalisk  
  64  5:22  Zergling x2  
  64  5:23  Zergling x10  
  70  5:32  Mutalisk  
  70  5:34  Zergling x6  
  75  5:41  Zergling x2  
  76  5:45  Zergling x2  
  77  5:52  Zergling x2  
  78  5:58  Overlord  
  78  6:02  Overseer  
  78  6:04  Zergling x2  
  78  6:11  Zergling x4  
  78  6:12  Zergling x8  
Show
View Real Time Build Order
Export as new Build Order

A.I. 1 (Very Easy) Terran 

Build Orders:  

Get SALT Encoding   

  12  0:00  SCV  
  13  0:13  SCV  
  14  0:18  Supply Depot  
  14  0:37  Refinery  
  14  0:42  Barracks  
  14  1:03  Supply Depot  
  14  1:11  Refinery  
  14  1:30  Marine  
  15  1:32  Orbital Command  
  15  1:49  Barracks Tech Lab  
  15  1:58  SCV  
  16  2:10  SCV  
  16  2:11  Marine  
  18  2:22  SCV  
  19  2:34  SCV  
  20  2:46  SCV  
  21  2:52  Marauder  
  24  2:58  SCV  
  24  3:53  Marine  
  23  4:33  Marine  
  24  6:08  Marine  
  24  6:10  Supply Depot  
  23  6:11  SCV  
  23  6:16  Supply Depot  
Tags
 
Matchup
TvZ
Opening
Pool First
Spawn Locations
Cross Positions
Add a new tag
Caveats
  • Supply blocks, unpowered buildings, or Contaminate may cause inaccurate times.
  • Supply counts are checked every 10 seconds.